 Dungeon Crawl Stone Soup version 0.30-a0-596-g0af90f9a20 (webtiles) character file.

Game seed: 12683609452268922578

394 bande the Chopper (level 6, -3/38 HPs)
             Began as a Gargoyle Fighter on Jan 7, 2023.
             Was an Initiate of Okawaru.
             Slain by Duvessa
             ... wielding a +0 short sword
              (13 damage)
             ... on level 4 of the Dungeon.
             The game lasted 00:07:19 (3771 turns).

bande the Chopper (Gargoyle Fighter)                Turns: 3771, Time: 00:07:19

Health: -3/38      AC: 16    Str: 25    XL:     6   Next: 82%
Magic:  6/6        EV:  7    Int: 12    God:    Okawaru [......]
Gold:   290        SH:  5    Dex: 16    Spells: 5/5 levels left

rFire   . . .      SeeInvis .    a - +1 war axe
rCold   . . .      Faith    .    c - +0 buckler
rNeg    + . .      Spirit   .    o - +0 chain mail
rPois   ∞          Reflect  .    (helmet restricted)
rElec   +          Harm     .    f - +1 cloak
rCorr   .          Rampage  .    (no gloves)
Will    .....                    (no boots) Stlth
                                 (no amulet)
HPRegen 0.26/turn                j - +6 ring of strength
MPRegen 0.10/turn                p - +6 ring of dexterity

@: no status effects
A: sickness immunity, AC +4, negative energy resistance 1, electricity
resistance, torment resistance 1, petrification resistance, horns 1, clever 1,
MP-powered wands
a: Renounce Religion


You were on level 4 of the Dungeon.
You worshipped Okawaru.
Okawaru was noncommittal.
You visited 2 branches of the dungeon, and saw 5 of its levels.

You collected 290 gold pieces.

Inventory:

Hand Weapons
 a - a +1 war axe (weapon)
Armour
 c - a +0 buckler (worn)
 f - a +1 cloak (worn)
 o - a +0 chain mail (worn)
 u - a +0 helmet
Jewellery
 e - an amulet of faith
 j - a +6 ring of strength (left hand)
 p - a +6 ring of dexterity (right hand)
Scrolls
 b - 2 scrolls of teleportation
 i - a scroll of identify
 m - a scroll of enchant weapon
Potions
 d - a potion of might
 g - 2 potions of invisibility
 h - a potion of ambrosia {unknown}
 k - a potion of haste {unknown}
 l - a potion of lignification {unknown}
 n - a potion of attraction {unknown}
 q - a potion of degeneration {unknown}
 r - a potion of heal wounds {unknown}
 s - 4 potions of curing
 t - 3 potions of brilliance {unknown}


   Skills:
 + Level 4.2 Fighting
 + Level 4.7(4.8) Axes
 - Level 0.7(3.3) Maces & Flails
 - Level 0.5(3.0) Polearms
 + Level 4.5 Armour
 - Level 0.2 Stealth
 + Level 3.9 Shields
 * Level 0.7 Invocations


You had 5 spell levels left.
You didn't know any spells.
Your spell library was empty.

Dungeon Overview and Level Annotations

Branches:
Dungeon (4/15)             Temple (1/1) D:4

Altars:
Ashenzari
Cheibriados
Dithmenos
Elyvilon
Fedhas
Gozag
Hepliaklqana
Kikubaaqudgha
Nemelex Xobeh
Okawaru
Qazlal
Ru
Sif Muna
Trog
Vehumet
Xom
Zin

Annotations:
D:4 Dowan, Duvessa


Innate Abilities, Weirdness & Mutations

You are immune to sickness and miasma.
Your stone body is resilient. (AC +4)
You are immune to poison.
You resist negative energy. (rN+)
You are resistant to electric shocks. (rElec)
You are resistant to unholy torment.
You are immune to petrification.
You have a pair of small horns on your head.
Your mind is acute. (Int +4, Str/Dex -1)
You expend magic power (3 MP) to strengthen your wands.


Message History

Found a stone staircase leading down.
Duvessa says, "My weaknesses are his strengths!"
Duvessa drinks a potion.
Duvessa seems to grow stronger.
Duvessa hits you but does no damage.
You closely miss Duvessa. Your headbutt misses Duvessa. You hit Dowan.
Duvessa barely misses you. Dowan casts a spell at you.
The puff of flame hits you but does no damage.
You slash Dowan!
Dowan is severely wounded.
You hit Duvessa. Duvessa hits you but does no damage.
Dowan drinks a potion.
Dowan is healed!
You hit Dowan but do no damage. You headbutt Dowan!
Dowan is almost dead.
You slash Duvessa! Duvessa hits you with a +0 short sword!
Dowan points at you and mumbles some strange words.
The puff of frost hits you.
Dowan gestures wildly while chanting.
Dowan blinks!
Duvessa closely misses you.
You are too injured to fight recklessly!
You are too injured to fight recklessly!
You are too injured to fight recklessly!
You are too injured to fight recklessly!
You are too injured to fight recklessly!
You are too injured to fight recklessly!
You are too injured to fight recklessly!
You are too injured to fight recklessly!
You are too injured to fight recklessly!
You are too injured to fight recklessly!
You are too injured to fight recklessly!
Unknown command.
You slash Duvessa! You headbutt Duvessa, but do no damage.
Duvessa is heavily wounded.
Duvessa hits you with a +0 short sword!
* * * LOW HITPOINT WARNING * * *
Unknown command.
You barely miss Duvessa.
Duvessa is heavily wounded.
Duvessa hits you with a +0 short sword!
You die...

#.#.#.##.# .
#.#.##.# # >.##
###.#.##.## #.#..#
#.<..(#...## #.#..#
#.#....###.# #.#>.#
#.####.# #.#
###....# #.# #.###.#
#...e#.# #.#
###....# #.§@.## #.#
#.......
#.#...###.###.#.##.#
#...$......†.......#
###...###.......####
##.## #####.......
#.. ........#..##
### #.####....## #.#
#.#.## #. #.# #.#.#


You could see Duvessa (strong).

Vanquished Creatures
  A necrophage (D:4)
  Crazy Yiuf (D:3)
  A jelly (D:4)
  A hound (D:4)
  Natasha (D:4)
  4 gnolls
  8 adders
  8 worms
  6 orcs
  7 endoplasms
  A giant cockroach (D:3)
  7 goblins
  9 hobgoblins
  4 jackals (D:3)
  2 quokkas
  5 ball pythons
  4 bats
  4 frilled lizards
  10 kobolds
  7 rats
91 creatures vanquished.

Vanquished Creatures (others)
  8 fungi (D:3)
  4 plants
12 creatures vanquished.

Grand Total: 103 creatures vanquished

Notes
Turn   | Place    | Note
-------+----------+-------------------------------------------
     0 | D:1      | bande the Gargoyle Fighter began the quest for the Orb.
     0 | D:1      | Reached XP level 1. HP: 14/14 MP: 1/1
    81 | D:1      | Reached XP level 2. HP: 11/19 MP: 2/2
   416 | D:1      | You fall into a shaft and drop 1 floor!
   480 | D:2      | Reached XP level 3. HP: 23/23 MP: 3/3
   738 | D:1      | Reached XP level 4. HP: 29/29 MP: 4/4
  2014 | D:3      | Reached XP level 5. HP: 32/33 MP: 5/5
  2229 | D:3      | Found a runed translucent door.
  2230 | D:3      | Noticed Crazy Yiuf
  2695 | D:3      | Found a shimmering altar of Xom.
  2819 | D:3      | Gained mutation: Your body sometimes deteriorates upon
                  | taking damage. [potion of mutation]
  2819 | D:3      | Gained mutation: You have sharp fingernails. [potion of
                  | mutation]
  2820 | D:3      | Lost mutation: Your body sometimes deteriorates upon taking
                  | damage. [potion of mutation]
  2820 | D:3      | Lost mutation: You have sharp fingernails. [potion of
                  | mutation]
  2820 | D:3      | Gained mutation: Your mind is acute. (Int +4, Str/Dex -1)
                  | [potion of mutation]
  2820 | D:3      | Gained mutation: You have a pair of small horns on your
                  | head. [potion of mutation]
  2820 | D:3      | Gained mutation: You expend magic power (3 MP) to
                  | strengthen your wands. [potion of mutation]
  2869 | D:3      | Found a faded altar of an unknown god.
  3050 | D:3      | Killed Crazy Yiuf
  3126 | D:3      | Identified the +7 hammer of the Spider {freeze, rC- rN+
                  | Dex+6}
  3170 | D:4      | Reached XP level 6. HP: 38/38 MP: 6/6
  3386 | D:4      | Found a staircase to the Ecumenical Temple.
  3397 | Temple   | Entered the Ecumenical Temple
  3483 | Temple   | Became a worshipper of Warmaster Okawaru
  3752 | D:4      | Noticed Natasha
  3756 | D:4      | Killed Natasha
  3764 | D:4      | Noticed Duvessa
  3764 | D:4      | Noticed Dowan
  3771 | D:4      | Slain by Duvessa

Illustrated notes

Levels and vault maps discovered:
D:1:      lemuel_arrival_hallway, layout_loops_ring, dk_noncrumbling_3,
          nicolae_grassy_gnolls
D:2:      layout_basic, nicolae_wormholes
D:3:      layout_loops_ring, amcnicky_altar_gilded,
          shapermc_ecumenical_altar_hornbeckon, grunt_decor_mini_mirrors,
          feat_on_display, uniq_crazy_yiuf_cottage
D:4:      layout_loops_ring, minmay_temple_entry_trees, uniq_duvessa,
          uniq_natasha
Temple:   regret_index_temple_chain_breaker

Skill      XL: |  1  2  3  4  5 |
---------------+----------------+-----
Axes           | 2 3 4 |  4.7
Armour         | 4 |  4.5
Fighting       | 4 |  4.2
Maces & Flails | |  0.7
Polearms       | |  0.5
Stealth        | |  0.2
Shields        | |  3.9
Invocations    | |  0.7

Action                   |  1- 3 |  4- 6 || total
-------------------------+-------+-------++-------
Melee: War axe           |   119 |   180 ||   299
       Headbutt          |       |    11 ||    11
  Use: Scroll            |       |     6 ||     6
       Potion            |       |     2 ||     2
Armor: Scale mail        |    84 |    13 ||    97
       Chain mail        |       |    91 ||    91
Dodge: Dodged            |    74 |    64 ||   138
Block: Buckler           |    34 |    46 ||    80

Table legend: (Time is in decaauts)
 A = Elapsed time spent in this place.
 B = Non-inter-level travel time spent in this place.
 C = Inter-level travel time spent in this place.
 D = Time resting spent in this place.
 E = Time spent auto-exploring this place.
 F = Levels seen in this place.
 G = Mean time per level.
                   A        B        C        D        E       F      G
               +--------+--------+--------+--------+--------+-----+--------+
         Total |   3890 |   3618 |    272 |    583 |   2185 |   5 |  778.0 |
       Dungeon |   3787 |   3528 |    259 |    583 |   2120 |   4 |  946.8 |
        Temple |    102 |     89 |     13 |      0 |     65 |   1 |  102.0 |
               +--------+--------+--------+--------+--------+-----+--------+

Top non-repeatable levels by time:
     D:3: 1518 daAuts
     D:1: 1031 daAuts
     D:2: 716 daAuts
     D:4: 520 daAuts
  Temple: 102 daAuts
